 Dungeon Crawl Stone Soup version 0.31-a0-95-g6fa058ef04 (webtiles) character file.

Game seed: 5017343536467686338

214 IdlyInterested the Vexing (level 5, 0/42 HPs)
             Began as a Demonspawn Wanderer on May 25, 2023.
             Slain by a white imp (1 damage)
             ... on level 4 of the Dungeon.
             The game lasted 00:13:10 (3584 turns).

IdlyInterested the Vexing (Demonspawn Wanderer)     Turns: 3584, Time: 00:13:10

Health: 0/42       AC: 10    Str: 11    XL:     5   Next: 59%
Magic:  0/8        EV:  8    Int: 17    God:
Gold:   149        SH:  0    Dex: 12    Spells: 7/8 levels left

rFire   + . .        a - +0 rapier
rCold   . . .        q - orb {light}
rNeg    . . .        g - +0 scale mail
rPois   .            (no helmet)
rElec   +            (no cloak)
rCorr   .            (no gloves)
SInv    .            (no boots)
Will    +....        d - amulet of magic regeneration Stlth
                     m - ring of protection from fire
HPRegen 0.27/turn    y - ring "Tesev" {rElec AC+4}
MPRegen 0.62/turn

%: guardian spirit
@: enlightened, flying, glowing
A: magic shield, magic regeneration
a: no special abilities


You were on level 4 of the Dungeon.
You visited 1 branch of the dungeon, and saw 4 of its levels.

You collected 149 gold pieces.

Inventory:

Hand Weapons
 a - a +0 rapier (weapon)
 e - a +0 short sword
 f - a +0 falchion
 i - a +0 dagger
Missiles
 h - 32 stones
 v - 4 atropa-tipped darts
Armour
 c - a +0 ring mail
 g - a +0 scale mail (worn)
 j - a +0 leather armour
 p - a +0 chain mail
 q - an orb of light (worn)
Magical Staves
 k - a staff of cold
Jewellery
 d - an amulet of magic regeneration (around neck)
 m - a ring of protection from fire (left hand)
 y - the ring "Tesev" (right hand) {rElec AC+4}
   (You acquired it on level 4 of the Dungeon)

   [ring of protection]

   AC:        It affects your AC (+4).
   rElec:     It insulates you from electricity.
Wands
 x - a wand of mindburst (13)
Scrolls
 b - a scroll of blinking
 l - a scroll of magic mapping {unknown}
 n - a scroll of torment {unknown}
 r - a scroll of teleportation {unknown}
 s - a scroll of brand weapon {unknown}
 t - a scroll of poison {unknown}
 u - a scroll of acquirement
Potions
 o - 2 potions of brilliance


   Skills:
 * Level 4.0 Fighting
 - Level 1.0 Throwing
 - Level 2.0 Armour
 + Level 1.1 Dodging
 - Level 1.0 Stealth
 - Level 2.0 Spellcasting
 - Level 2.0 Conjurations
 - Level 5.0 Hexes
 - Level 1.0 Evocations


You had 7 spell levels left.
You knew the following spells:

 Your Spells              Type           Power      Damage    Failure   Level
a - Slow                  Hex            72%        N/A       14%         1

Your spell library contained the following spells:

 Spells                   Type           Power      Damage    Failure   Level
 Searing Ray              Conj           16%        2d5       58%         2
 Dazzling Flash           Conj/Hex       24%        N/A       65%         3
 Freeze                   Ice            4%         1d3       73%         1
 Static Discharge         Conj/Air       8%         2-3/arc   77%         2
 Hailstorm                Conj/Ice       4%         3d4       94%         3
 Frozen Ramparts          Ice            2%         1d1       97%         3
 Volatile Blastmotes      Fire/Tloc      0%         2d10      98%         3
 Leda's Liquefaction      Hex/Erth       4%         N/A       99%         4
 Iskenderun's Mystic Bla  Conj/Tloc      4%         2d3       100%        4
 Starburst                Conj/Fire      2%         6d3       100%        6


Dungeon Overview and Level Annotations

Branches:
Dungeon (4/15)
 Temple: D:4-7

Altars:
Makhleb

Shops:
D:1 =   D:4 !=


Innate Abilities, Weirdness & Mutations

When hurt, damage is shared between your health and your magic reserves.
You regenerate magic rapidly.


Message History

You hit the white imp but do no damage.
The white imp is moderately wounded.
The white imp gestures at you. The puff of frost hits you.
The white imp hits you but does no damage.
You hit the white imp.
The white imp is heavily wounded.
The white imp gestures at you. The puff of frost hits you.
* * * LOW HITPOINT WARNING * * *
You hit the white imp but do no damage.
The white imp is heavily wounded.
The white imp hits you. The white imp freezes you.
* * * LOW HITPOINT WARNING * * *
You hit the white imp.
The white imp is severely wounded.
The white imp gestures at you. The puff of frost hits you!
* * * LOW HITPOINT WARNING * * *
It was a potion of enlightenment.
You feel very buoyant.
You fly up into the air.
The white imp completely misses you.
You barely miss the white imp.
The white imp is severely wounded.
The white imp completely misses you.
You hit the white imp but do no damage.
The white imp is heavily wounded.
The white imp hits you but does no damage.
The white imp gestures at you. The puff of frost hits you.
* * * LOW HITPOINT WARNING * * *
You hit the white imp.
The white imp is severely wounded.
The white imp closely misses you.
You hit the white imp.
The white imp is severely wounded.
The white imp hits you.
* * * LOW HITPOINT WARNING * * *
The white imp freezes you.
You die...

.... ... ... .. ..
#.## ..... ..# .....
#.####..... ..
#.#........
#.#####@#........
#......5.........
#.$..............
#................
#................
###................
.......>†............#
.............#...#...#
#..........###.###..#


You could see a white imp.

Vanquished Creatures
  Natasha (thrice) (D:3)
  Terence (D:2)
  3 adders (D:4)
  A shadow imp (D:3)
  A dart slug (D:3)
  A worm (D:3)
  3 orcs (D:4)
  4 ball pythons
  8 endoplasms
  4 giant cockroaches
  8 goblins
  5 hobgoblins
  8 kobolds
  7 quokkas
  4 bats
  3 frilled lizards
  4 rats
68 creatures vanquished.

Notes
Turn   | Place    | Note
-------+----------+-------------------------------------------
     0 | D:1      | IdlyInterested the Demonspawn Wanderer began the quest for
                  | the Orb.
     0 | D:1      | IdlyInterested set off with the following items: a +0 club,
                  | a scroll of blinking, a +0 ring mail; and the following
                  | spell memorised: Slow; and the following spells available
                  | to memorise: Searing Ray, Dazzling Flash, Static Discharge,
                  | Leda's Liquefaction.
     0 | D:1      | Reached XP level 1. HP: 13/13 MP: 2/2
    87 | D:1      | Found Nuuxiur's Jewellery Boutique.
   133 | D:1      | Reached skill level 1 in Fighting
   141 | D:1      | Gained mutation: You regenerate magic rapidly. [demonic
                  | ancestry]
   141 | D:1      | Reached XP level 2. HP: 8/21 MP: 1/3
   940 | D:2      | Reached skill level 1 in Dodging
  1038 | D:2      | Found a faded altar of an unknown god.
  1054 | D:2      | Found a faded altar of an unknown god.
  1137 | D:2      | Noticed Terence
  1285 | D:2      | Killed Terence
  1286 | D:2      | Reached XP level 3. HP: 18/27 MP: 3/5
  2101 | D:3      | Reached skill level 1 in Throwing
  2198 | D:3      | Reached XP level 4. HP: 34/34 MP: 6/6
  2259 | D:3      | Found a burning altar of Makhleb.
  2748 | D:3      | Noticed Natasha
  2757 | D:3      | Killed Natasha
  2758 | D:3      | Reached skill level 1 in Evocations
  3179 | D:3      | Noticed Natasha
  3188 | D:3      | Killed Natasha
  3189 | D:3      | Gained mutation: When hurt, damage is shared between your
                  | health and your magic reserves. [demonic ancestry]
  3189 | D:3      | Reached XP level 5. HP: 36/41 MP: 8/8
  3333 | D:3      | Noticed Natasha
  3340 | D:3      | Killed Natasha
  3341 | D:3      | Reached skill level 1 in Stealth
  3414 | D:4      | Found Hiukk's Jewellery Emporium.
  3458 | D:4      | Identified 2 scrolls of acquirement
  3458 | D:4      | Acquired the ring "Tesev" {rElec AC+4}
  3481 | D:4      | Found Ziokumn's Distillery.
  3579 | D:4      | HP: 1/42 [white imp/puff of frost (7)]
  3584 | D:4      | HP: 1/42 [white imp (1)]
  3584 | D:4      | Slain by a white imp

Illustrated notes

Levels and vault maps discovered:
D:1:      amcnicky_arrival_double_pillar, layout_basic, serial_shops,
          shop_statue
D:2:      layout_basic, hellmonk_ecumenical_altar_the_god_not_taken,
          uniq_terence
D:3:      layout_loops_ring, mainiacjoe_overflow_cross_hatched,
          grunt_ministairs_7, serial_bayou_crossing, uniq_natasha
D:4:      minmay_recursive_quarters, layout_rooms, general_overflow_altar,
          serial_shops, nicolae_shop_industrial_runoff, nicolae_shop_waterfront,
          kennysheep_mini, nicolae_shop_getting_attention,
          amcnicky_mini_pool_small, minmay_between

Skill      XL: |  1  2  3  4  5 |
---------------+----------------+-----
Fighting       | 1 2 3 4 |  4.0
Dodging        | 1 |  1.1
Throwing       | 1 |  1.0
Spellcasting   | 2 |  2.0
Evocations     | 1 |  1.0
Stealth        | 1 |  1.0
Armour         | 2 |  2.0
Conjurations   | |  2.0
Hexes          | |  5.0

Action                     |  1- 3 |  4- 6 || total
---------------------------+-------+-------++-------
  Melee: Club              |    47 |       ||    47
         Rapier            |    88 |   133 ||   221
         Falchion          |    13 |       ||    13
         Short sword       |     4 |       ||     4
         Punch             |     1 |       ||     1
  Throw: Stone             |     6 |       ||     6
   Cast: Slow              |     8 |       ||     8
    Use: Potion            |     4 |     1 ||     5
         Scroll            |       |     1 ||     1
 Armour: Ring mail         |    41 |       ||    41
         Scale mail        |    34 |    64 ||    98
  Dodge: Dodged            |    87 |    60 ||   147

Table legend: (Time is in decaauts)
 A = Elapsed time spent in this place.
 B = Non-inter-level travel time spent in this place.
 C = Inter-level travel time spent in this place.
 D = Time resting spent in this place.
 E = Time spent auto-exploring this place.
 F = Levels seen in this place.
 G = Mean time per level.
                   A        B        C        D        E       F      G
               +--------+--------+--------+--------+--------+-----+--------+
         Total |   3649 |   2839 |    810 |    220 |   1797 |   4 |  912.2 |
       Dungeon |   3649 |   2839 |    810 |    220 |   1797 |   4 |  912.2 |
               +--------+--------+--------+--------+--------+-----+--------+

Top non-repeatable levels by time:
     D:3: 1269 daAuts
     D:1: 1084 daAuts
     D:2: 1077 daAuts
     D:4: 217 daAuts
